 Dungeon Crawl Stone Soup version 0.26.1-2-gb8aa6d0cf2 (webtiles) character file.

Game seed: 15759556167743752248

844 windgrace the Ruffian (level 7, -1/71 HPs)
             Began as a Troll Monk on Feb 11, 2021.
             Was a Priest of Uskayaw.
             Slain by KittyFluff's ghost (16 damage)
             ... on level 6 of the Dungeon.
             The game lasted 00:18:05 (4310 turns).

windgrace the Ruffian (Troll Monk)                  Turns: 4310, Time: 00:18:06

Health: -1/71      AC:  6    Str: 26    XL:     7   Next: 68%
Magic:  0/6        EV: 12    Int:  6    God:    Uskayaw [***...]
Gold:   229        SH:  0    Dex: 14    Spells: 6/6 levels left

rFire    . . .     SeeInvis .   w - +2 quarterstaff (chaos)
rCold    . . .     Faith    .   (shield currently unavailable)
rNeg     . . .     Spirit   +   k - +0 animal skin
rPois    .         Reflect  .   (helmet restricted)
rElec    .         Harm     .   (no cloak)
rCorr    +         Rampage  .   (gloves unavailable)
Will     .....                  (boots unavailable)
Stlth    ++........             B - amulet of guardian spirit
HPRegen  0.61/turn              p - +6 ring of strength
MPRegen  0.10/turn              y - ring of resist corrosion

@: no status effects
A: large, unfitting armour, claws 3, regeneration 1, shaggy fur 1, tough skin 3
a: Renounce Religion, Stomp, Line Pass


You were on level 6 of the Dungeon.
You worshipped Uskayaw.
Uskayaw was noncommittal.
You visited 2 branches of the dungeon, and saw 7 of its levels.

You collected 229 gold pieces.

Inventory:

Hand Weapons
 w - a +2 quarterstaff of chaos (weapon)
Armour
 a - a +0 robe
 k - a +0 animal skin (worn)
Jewellery
 p - a +6 ring of strength (left claw)
 y - a ring of resist corrosion (right claw)
 B - an amulet of guardian spirit (around neck)
Wands
 t - a wand of flame (11)
 u - a wand of digging (7)
Scrolls
 b - 8 scrolls of remove curse {unknown}
 c - a scroll of magic mapping {unknown}
 e - 3 scrolls of fear {unknown}
 f - 3 scrolls of teleportation {unknown}
 h - 2 scrolls of immolation {unknown}
 i - 5 scrolls of identify {unknown}
 m - 2 scrolls of random uselessness {unknown}
 q - a scroll of amnesia {unknown}
 v - a scroll of fog {unknown}
 x - 2 scrolls of enchant weapon {unknown}
Potions
 d - 3 potions of brilliance {unknown}
 g - a potion of mutation {unknown}
 j - 4 potions of lignification {unknown}
 l - a potion of might {unknown}
 n - 2 potions of curing {unknown}
 o - a potion of heal wounds {unknown}
 r - a potion of degeneration {unknown}
 s - 3 potions of ambrosia {unknown}
 z - a potion of attraction {unknown}
 A - a potion of flight {unknown}


   Skills:
 + Level 4.9 Fighting
 * Level 2.2 Staves
 + Level 4.2 Dodging
 - Level 1.0 Stealth
 - Level 5.5 Unarmed Combat


You had 6 spell levels left.
You didn't know any spells.
Your spell library contained the following spells:

 Spells                   Type           Power        Failure   Level
 Corona                   Hex            0%           45%         1
 Ensorcelled Hibernation  Hex/Ice        0%           58%         2
 Confusing Touch          Hex            0%           83%         3
 Dazzling Flash           Conj/Hex       0%           83%         3
 Tukima's Dance           Hex            0%           83%         3
 Ice Form                 Ice/Tmut       0%           99%         4
 Metabolic Englaciation   Hex/Ice        0%           100%        5
 Freezing Cloud           Conj/Ice/Air   0%           100%        6
 Ozocubu's Refrigeration  Ice            0%           100%        6
 Simulacrum               Ice/Necr       0%           100%        6


Dungeon Overview and Level Annotations

Branches:
Dungeon (6/15)             Temple (1/1) D:5

Altars:
Ashenzari
Dithmenos
Elyvilon
Gozag
Hepliaklqana
Kikubaaqudgha
Makhleb
Nemelex Xobeh
Ru
Uskayaw
Xom
Zin
The Shining One

Annotations:
D:6 KittyFluff's ghost, novice GrBe


Innate Abilities, Weirdness & Mutations

You are too large for most types of armour.
You have claws for hands.
Your natural rate of healing is unusually fast.
You are covered in fur. (AC +1)
You have extremely tough skin. (AC +3)


Message History

There is an open translucent door, spattered with blood here.
You see here a bullfrog corpse.
You bludgeon the leopard gecko!!
You kill the leopard gecko!
KittyFluff's ghost seems less confused.
You hit KittyFluff's ghost but do no damage.
KittyFluff's ghost is moderately damaged.
KittyFluff's ghost hits you!
* * * LOW HITPOINT WARNING * * *
You hit KittyFluff's ghost.
KittyFluff's ghost seems to grow stronger.
KittyFluff's ghost is moderately damaged.
KittyFluff's ghost barely misses you.
You sock KittyFluff's ghost!
Space bends around KittyFluff's ghost.
KittyFluff's ghost is severely damaged.
KittyFluff's ghost closely misses you.
You closely miss KittyFluff's ghost.
KittyFluff's ghost is severely damaged.
KittyFluff's ghost hits you!
You die...

#..#.#.#####..# #
#.#...##
#.####.##.######
#................
#.........#######
#.####.####
#.##########
##.#≈≈≈≈≈≈≈≈≈
#.@W≈†≈≈$≈≈≈≈
..).....#≈≈≈≈≈≈≈≈≈
##################


You could see KittyFluff's ghost (strong).

Vanquished Creatures
  Sigmund (D:3)
  A bullfrog (D:6)
  A scorpion (D:5)
  A howler monkey (D:4)
  2 jellies (D:5)
  A bullfrog zombie (D:5)
  A bullfrog skeleton (D:4)
  Crazy Yiuf (D:3)
  A hound (D:4)
  Jessica (D:2)
  Natasha (twice) (D:3)
  An orc wizard (D:4)
  2 hound skeletons
  A howler monkey zombie (D:5)
  Robin (D:2)
  7 adders
  A river rat (D:6)
  An ufetubus (D:5)
  An ooze (D:5)
  7 worms
  2 dart slugs
  9 leopard geckos
  4 orcs
  6 giant cockroaches
  18 goblins
  7 hobgoblins
  8 jackals
  2 quokkas
  7 bats
  13 frilled lizards
  7 kobolds
  A quokka skeleton (D:4)
  9 rats
128 creatures vanquished.

Notes
Turn   | Place    | Note
-------+----------+-------------------------------------------
     0 | D:1      | windgrace the Troll Monk began the quest for the Orb.
     0 | D:1      | Reached XP level 1. HP: 22/22 MP: 0/0
   306 | D:1      | Reached XP level 2. HP: 29/29 MP: 1/1
   791 | D:2      | Noticed Jessica
   802 | D:2      | Killed Jessica
   803 | D:2      | Reached XP level 3. HP: 36/37 MP: 2/2
  1057 | D:2      | Reached skill level 4 in Unarmed Combat
  1202 | D:2      | Noticed Robin
  1207 | D:2      | Reached XP level 4. HP: 40/45 MP: 3/3
  1219 | D:2      | Killed Robin
  1799 | D:3      | Noticed Natasha
  1807 | D:3      | Killed Natasha
  1808 | D:3      | Reached XP level 5. HP: 42/54 MP: 4/4
  1876 | D:3      | Found a runed translucent door.
  1877 | D:3      | Noticed Crazy Yiuf
  1929 | D:3      | You fall into a shaft and drop 2 floors!
  1929 | D:5      | Entered Level 5 of the Dungeon
  2003 | D:5      | Found a staircase to the Ecumenical Temple.
  2012 | Temple   | Entered the Ecumenical Temple
  2043 | Temple   | Became a worshipper of Uskayaw the Reveller
  2043 | Temple   | Reached * piety under Uskayaw
  2072 | D:5      | Reached ** piety under Uskayaw
  2188 | D:4      | Reached XP level 6. HP: 62/62 MP: 5/5
  2262 | D:4      | Reached skill level 5 in Unarmed Combat
  2340 | D:3      | Noticed Sigmund
  2347 | D:3      | Reached *** piety under Uskayaw
  2349 | D:3      | Killed Sigmund
  2370 | D:3      | Noticed Natasha
  2389 | D:3      | Killed Natasha
  2439 | D:3      | Found a broken altar of Ashenzari.
  2670 | D:3      | Reached XP level 7. HP: 36/71 MP: 3/6
  2829 | D:3      | Killed Crazy Yiuf
  3039 | D:4      | Reached skill level 1 in Staves
  3288 | D:4      | Found a sparkling altar of Nemelex Xobeh.
  4274 | D:6      | Found a runed translucent door.
  4277 | D:6      | Noticed KittyFluff's ghost (novice GrBe)
  4310 | D:6      | Slain by KittyFluff's ghost

Illustrated notes

Levels and vault maps discovered:
D:1:      dpeg_arrival_connections, layout_loops_ring, minmay_misc_feat_room,
          st_stairs_3, grunt_decor_resistance, nrook_mini_backslash
D:2:      layout_basic, serial_curves, eino_curves_02, eino_curves_03,
          eino_curves_04, eino_curves_03, uniq_robin, uniq_jessica
D:3:      minmay_bubble_buster, layout_basic, marbit_many_paths, uniq_natasha,
          uniq_crazy_yiuf_cottage, uniq_sigmund
D:4:      layout_basic, overflow_temple_1_default,
          minmay_fractal_squares_diagonal_5
D:5:      layout_cave_pools, minmay_temple_entry_slanted
D:6:      layout_loops_ring, ebering_ghost_sewer_f
Temple:   regret_index_temple_chain_breaker

Skill      XL: |  1  2  3  4  5  6  7 |
---------------+----------------------+-----
Fighting       | 3 4 |  4.9
Unarmed Combat | 4 5 |  5.5
Dodging        | 3 4 |  4.2
Staves         | 2 |  2.2
Stealth        | |  1.0

Action                   |  1- 3 |  4- 6 |  7- 9 || total
-------------------------+-------+-------+-------++-------
Melee: Unarmed           |    93 |   146 |    19 ||   258
       Punch             |       |     2 |     1 ||     3
       Quarterstaff      |       |       |    77 ||    77
Invok: Stomp             |       |     2 |     1 ||     3
       Line Pass         |       |       |     1 ||     1
 Stab: Sleeping          |     1 |     3 |       ||     4
       Paralysed         |       |       |     2 ||     2
Armor: Robe              |    44 |     3 |       ||    47
       Animal skin       |       |    63 |    33 ||    96
Dodge: Dodged            |    50 |   103 |    72 ||   225
